 Dungeon Crawl Stone Soup version 0.28-a0-1555-g9ae15a6949 (webtiles) character file.

Game seed: 2874574076825614179

66 Pin the Chopper (level 4, -4/39 HPs)
             Began as a Hill Orc Monk on Jan 19, 2022.
             Slain by a gnoll (6 damage)
             ... on level 2 of the Dungeon.
             The game lasted 00:02:42 (2961 turns).

Pin the Chopper (Hill Orc Monk)                     Turns: 2961, Time: 00:02:43

Health: -4/39      AC:  9    Str: 21    XL:     4   Next: 15%
Magic:  4/4        EV:  9    Int:  8    God:
Gold:   53         SH:  0    Dex: 20    Spells: 3/3 levels left

rFire   . . .      SeeInvis .   a - +0 hand axe
rCold   x . .      Faith    .   (no shield)
rNeg    . . .      Spirit   .   e - +0 chain mail
rPois   +          Reflect  .   (no helmet)
rElec   .          Harm     .   (no cloak)
rCorr   .          Rampage  .   (no gloves)
Will    .....                   (no boots)
Stlth   ..........              (no amulet)
HPRegen 0.13/turn               j - ring of Nalaxkaf {rPois rC- Str+6 Int-2 Dex+7}
MPRegen 0.09/turn               (no ring)

@: no status effects
A: no striking features
a: no special abilities


You were on level 2 of the Dungeon.
You visited 1 branch of the dungeon, and saw 3 of its levels.

You collected 53 gold pieces.

Inventory:

Hand Weapons
 a - a +0 hand axe (weapon)
Armour
 e - a +0 chain mail (worn)
Jewellery
 c - an amulet of guardian spirit
 j - the ring of Nalaxkaf (left hand) {rPois rC- Str+6 Int-2 Dex+7}
   (You found it on level 2 of the Dungeon)

   [ring of strength]

   Str:       It affects your strength (+6).
   Int:       It affects your intelligence (-2).
   Dex:       It affects your dexterity (+7).
   rC:        It makes you vulnerable to cold.
   rPois:     It protects you from poison.
 k - a ring of flight
Scrolls
 b - 2 scrolls of identify {unknown}
 d - a scroll of fog {unknown}
 f - 2 scrolls of enchant weapon {unknown}
 h - a scroll of blinking {unknown}
Potions
 g - a potion of heal wounds {unknown}
 i - a potion of curing {unknown}


   Skills:
 - Level 3.6 Fighting
 - Level 4.0 Axes
 + Level 4.0 Armour
 - Level 2.4 Dodging
 - Level 1.5 Stealth


You had 3 spell levels left.
You didn't know any spells.
Your spell library contained the following spells:

 Spells                   Type           Power      Damage    Failure   Level
 Conjure Flame            Conj/Fire      0%         6-21      100%        3
 Ignite Poison            Fire/Tmut/Pois 0%         N/A       100%        3
 Sticky Flame             Conj/Fire      0%         2d3       100%        4


Dungeon Overview and Level Annotations

Branches:
Dungeon (3/15)

Altars:


Message History

The gnoll is moderately wounded.
You hit the jackal.
The jackal bites you but does no damage.
The gnoll hits you with a +0 club. The jackal barely misses you.
You hit the gnoll.
The gnoll is moderately wounded.
You hit the jackal. The jackal barely misses you.
The gnoll hits you with a +0 club.
You closely miss the gnoll.
The gnoll is moderately wounded.
You barely miss the jackal.
The jackal bites you but does no damage.
The gnoll barely misses you. The jackal misses you.
You closely miss the gnoll.
The gnoll is moderately wounded.
You closely miss the jackal.
The jackal bites you but does no damage.
The gnoll closely misses you.
You hit the jackal.
You kill the jackal!
You hit the gnoll. The gnoll hits you with a +0 club.
You hit the gnoll but do no damage.
The gnoll is moderately wounded.
The gnoll hits you with a +0 club.
You hit the gnoll but do no damage.
The gnoll is moderately wounded.
The gnoll closely misses you.
You hit the gnoll but do no damage.
The gnoll is moderately wounded.
The gnoll hits you with a +0 club.
You closely miss the gnoll.
The gnoll is moderately wounded.
The gnoll hits you with a +0 club.
* * * LOW HITPOINT WARNING * * *
You closely miss the gnoll.
The gnoll is moderately wounded.
The gnoll hits you with a +0 club.
* * * LOW HITPOINT WARNING * * *
The gnoll hits you with a +0 club.
You die...

##################
####.................
#....†###############
#...@................
#..g..##.############
#.....##.# #.....##.#
#........#
#.....######
#.....#....#
####.##.##.#
#....##.####


You could see a gnoll.

Vanquished Creatures
  An adder (D:2)
  3 dart slugs
  9 endoplasms
  2 giant cockroaches (D:1)
  3 goblins
  4 hobgoblins (D:1)
  5 jackals (D:2)
  6 quokkas
  3 ball pythons
  3 bats
  A frilled lizard (D:1)
  2 kobolds (D:1)
  3 rats (D:1)
45 creatures vanquished.

Notes
Turn   | Place    | Note
-------+----------+-------------------------------------------
     0 | D:1      | Pin the Hill Orc Monk began the quest for the Orb.
     0 | D:1      | Reached XP level 1. HP: 19/19 MP: 1/1
   318 | D:1      | Reached skill level 1 in Armour
   551 | D:1      | Reached XP level 2. HP: 26/26 MP: 2/2
   958 | D:1      | Reached XP level 3. HP: 26/31 MP: 3/3
  1983 | D:2      | Reached XP level 4. HP: 8/39 MP: 4/4
  2608 | D:2      | Identified the ring of Nalaxkaf {rPois rC- Str+6 Int-2
                  | Dex+7}
  2961 | D:2      | Slain by a gnoll

Illustrated notes

Levels and vault maps discovered:
D:1:      scummos_arrival_simple_fountains, layout_loops_corners
D:2:      layout_basic
D:3:      layout_basic, nrook_uturn

Skill      XL: |  1  2  3  4 |
---------------+-------------+-----
Armour         | 1 2 3 4 |  4.0
Fighting       | |  3.6
Axes           | |  4.0
Dodging        | |  2.4
Stealth        | |  1.5

Action                   |  1- 3 |  4- 6 || total
-------------------------+-------+-------++-------
Melee: Hand axe          |   130 |    29 ||   159
       Punch             |     2 |     1 ||     3
 Stab: Sleeping          |     3 |       ||     3
Armor: Robe              |     7 |       ||     7
       Leather armour    |    10 |       ||    10
       Chain mail        |    34 |    26 ||    60
Dodge: Dodged            |    62 |    24 ||    86

Table legend: (Time is in decaauts)
 A = Elapsed time spent in this place.
 B = Non-inter-level travel time spent in this place.
 C = Inter-level travel time spent in this place.
 D = Time resting spent in this place.
 E = Time spent auto-exploring this place.
 F = Levels seen in this place.
 G = Mean time per level.
                   A        B        C        D        E       F      G
               +--------+--------+--------+--------+--------+-----+--------+
         Total |   2977 |   2927 |     50 |    893 |   1666 |   3 |  992.3 |
       Dungeon |   2977 |   2927 |     50 |    893 |   1666 |   3 |  992.3 |
               +--------+--------+--------+--------+--------+-----+--------+

Top non-repeatable levels by time:
     D:1: 1909 daAuts
     D:2: 1060 daAuts
     D:3: 7 daAuts
